 Dungeon Crawl Stone Soup version 0.24.0-13-gcf9b319 (webtiles) character file.

Game seed: 7168117133095179668, levelgen mode: deterministic

114 Afromullet the Skirmisher (level 4, 0/41 HPs)
             Began as a Minotaur Berserker on Feb 7, 2020.
             Was a Believer of Trog.
             Slain by a kobold
             ... wielding a cursed +0 club
              (4 damage)
             ... on level 3 of the Dungeon.
             The game lasted 00:05:07 (2320 turns).

Afromullet the Skirmisher (Minotaur Berserker)      Turns: 2320, Time: 00:05:08

Health: 0/41       AC:  5    Str: 22    XL:     4   Next: 66%
Magic:  3/3        EV: 12    Int:  4    God:    Trog [**....]
Gold:   146        SH:  0    Dex: 10    Spells: 3/3 levels left

rFire    . . .     SeeInvis .   a - +0 mace
rCold    . . .     Gourm    .   (no shield)
rNeg     + . .     Faith    .   b - +0 animal skin
rPois    .         Spirit   .   (helmet restricted)
rElec    .         Reflect  .   (no cloak)
rCorr    .         Harm     .   l - +2 pair of gloves
MR       .....                  (no boots)
Stlth    +.........             (no amulet)
HPRegen  0.13/turn              e - ring of positive energy
MPRegen  0.08/turn              (no ring)

@: berserk cooldown, slowed, very slow
A: retaliatory headbutt, horns 2
a: Berserk, Trog's Hand, Renounce Religion


You were on level 3 of the Dungeon.
You worshipped Trog.
Trog was pleased with you.
You were very hungry.

You visited 1 branch of the dungeon, and saw 3 of its levels.

You collected 146 gold pieces.

Inventory:

Hand Weapons
 a - a +0 mace (weapon)
Armour
 b - a +0 animal skin (worn)
 l - a +2 pair of gloves (worn)
Jewellery
 e - a ring of positive energy (left hand)
Scrolls
 g - a scroll of identify
Potions
 d - 2 potions of haste
 f - a potion of heal wounds
 i - a potion of flight
 j - a potion of lignification
Comestibles
 c - 5 rations


   Skills:
 * Level 4.7 Fighting
 * Level 4.6 Maces & Flails
 * Level 3.7 Armour
 + Level 2.9 Dodging


You had 3 spell levels left.
You didn't know any spells.
Your spell library was empty.

Dungeon Overview and Level Annotations

Branches:
Dungeon (3/15)

Altars:


Innate Abilities, Weirdness & Mutations

You reflexively headbutt those who attack you in melee.
You have a pair of horns on your head.


Message History

You headbutt the goblin. The jackal barely misses you. You furiously retaliate!
You headbutt the jackal.
You kill the jackal!
Trog accepts your kill.
The orc wizard hits you with a +0 dagger.
The orc hits you with a +0 club. The kobold barely misses you.
The ogre hits you with a +0 giant spiked club!
* * * LOW HITPOINT WARNING * * *
You barely miss the goblin.
The goblin is almost dead.
The jackal bites you.
* * * LOW HITPOINT WARNING * * *
The goblin hits you but does no damage.
The orc wizard hits you but does no damage.
The jackal bites you but does no damage.
The orc completely misses you. You furiously retaliate!
You headbutt the orc.
You kill the orc!
Trog accepts your kill.
The kobold hits you with a cursed +0 club.
You die...

##.............$#
....$...........#
#......?.......#
###..............##
...................
...................
....$.OK†).....#
#.$h@o$).##.###
###h)g.).<....#
#..............
#.............###
#..###!.......#
#... #."......#
....# ####..####
#... ##.# .#


You could see an ogre, an orc wizard, 2 jackals, a goblin and a kobold.

Vanquished Creatures
  3 adders (D:2)
  2 oozes
  3 dart slugs
  2 leopard geckos
  4 orcs (D:3)
  8 hobgoblins
  3 jackals
  9 kobolds
  A quokka (D:2)
  A ball python (D:2)
  12 bats
  5 frilled lizards
  4 goblins
  10 rats
67 creatures vanquished.

Notes
Turn   | Place    | Note
-------+----------+-------------------------------------------
     0 | D:1      | Afromullet the Minotaur Berserker began the quest for the
                  | Orb.
     0 | D:1      | Reached XP level 1. HP: 19/19 MP: 0/0
    91 | D:1      | Reached XP level 2. HP: 27/27 MP: 1/1
   485 | D:1      | You fall into a shaft and drop 1 floor!
   493 | D:2      | Reached XP level 3. HP: 27/33 MP: 2/2
   528 | D:2      | Reached ** piety under Trog
  1707 | D:2      | Reached XP level 4. HP: 38/41 MP: 3/3
  2315 | D:3      | Noticed an ogre
  2320 | D:3      | Slain by a kobold

Levels and vault maps discovered:
D:1:      giann_forest_graveyard, layout_loops_ring, minmay_tetromino_l2
D:2:      minmay_inner_zag, layout_basic, st_stairs_8,
          kennysheep_decorative_pillar
D:3:      layout_rooms, gammafunk_temple_overflow_arena, first_ration

Skill      XL: |  1  2 |
---------------+-------+-----
Fighting       | 4 |  4.7
Maces & Flails | 4 |  4.6
Armour         | 3 |  3.7
Dodging        | |  2.9

Action                   |  1- 3 |  4- 6 || total
-------------------------+-------+-------++-------
Melee: Mace              |    81 |    44 ||   125
       Headbutt          |     8 |     8 ||    16
Invok: Berserk           |       |     1 ||     1
  Use: Scroll            |     1 |     8 ||     9
  Eat: Chunk             |     2 |     2 ||     4
Armor: Animal skin       |    55 |    23 ||    78
Dodge: Dodged            |    87 |    48 ||   135
